AoeStats
← 季夏

Arabia

509828850Analyzed
1v1 RM · 3d ago on Sep 28, 2026· 18m 13s· 2 players
Game mode
Random Map
Map size
Tiny (2 player)
Population
200
Speed
Normal
Resources
Standard
Victory
Conquest
Starting age
Dark Age
Ending age
Imperial Age
RankedLock teamsTeams togetherTeam positionsShared explorationLock speedFull tech treeHidden civsTurbo modeCheats
Victory
Defeat
🇺🇸 Malay · United States
954
+17
🇨🇳 Dravidians · China
968
-17
YourWinslow
10:41 Feudal Age
11:02 Loom
16:44 Castle Age
15:41 Forging
季夏
6:06 Loom
9:57 Feudal Age
13:56 Double-Bit Axe
18:33 Castle Age
17:44 Stone Mining
Connection lost

Rejoining the realm…

Still unreachable

The connection could not be restored.

Session expired

The server has moved on; the page needs a fresh start.